 Dungeon Crawl Stone Soup version 0.21-a0-426-g98080a9 (webtiles) character file.

167 tin111 the Covered (level 5, 0/47 HPs)
             Began as a Gnoll Wanderer on Nov 7, 2017.
             Slain by an adder (2 damage)
             ... in a sewer.
             The game lasted 00:11:12 (2313 turns).

tin111 the Covered (Gnoll Wanderer)                 Turns: 2313, Time: 00:11:15

Health: 0/47       AC:  3    Str: 13    XL:     5   Next: 48%
Magic:  7/7        EV: 12    Int: 16    God:
Gold:   99         SH:  2    Dex: 17    Spells: 6/6 levels left

rFire    . . .     SeeInvis .   f - +0 dagger
rCold    . . .     Gourm    .   (no shield)
rNeg     . . .     Faith    .   e - +0 robe
rPois    .         Spirit   .   j - +0 helmet
rElec    .         Reflect  +   t - scarf {cloud immunity}
rCorr    .         Harm     .   (no gloves)
MR       .....                  (no boots)
Stlth    ++........             k - +2 amulet of reflection
HPRegen  0.15/turn              p - ring of stealth
MPRegen  0.10/turn              s - +2 ring of intelligence (curse)

@: lethally poisoned (0 -> -7), very slow
A: distributed training, fangs 1, strong nose
a: no special abilities


You were in a sewer.
You were not hungry.

You visited 1 branch of the dungeon, and saw 3 of its levels.
You also visited: Sewer.

You collected 99 gold pieces.

Inventory:

Hand Weapons
 a - a +2 hand crossbow
 f - a +0 dagger (weapon)
Missiles
 b - 13 bolts
 h - 132 stones (quivered)
Armour
 e - a +0 robe (worn)
 j - a +0 helmet (worn)
 t - a scarf of cloud immunity (worn)
Jewellery
 k - a +2 amulet of reflection (around neck)
 p - a ring of stealth (left hand)
 s - a cursed +2 ring of intelligence (right hand)
Scrolls
 d - 2 scrolls of teleportation
 l - a scroll of magic mapping {unknown}
 n - a scroll of amnesia {unknown}
 q - a scroll of enchant weapon {unknown}
 u - 2 scrolls of remove curse {unknown}
 y - a scroll of enchant armour {unknown}
 z - a scroll of recharging {unknown}
 A - 2 scrolls of identify {unknown}
Potions
 c - 7 potions of curing
 i - a potion of lignification {unknown}
 m - a potion of invisibility {unknown}
 o - a potion of degeneration {unknown}
 r - a potion of agility {unknown}
 v - a potion of brilliance {unknown}
 x - a potion of haste {unknown}
 C - a potion of might {unknown}
Comestibles
 g - 2 bread rations
 w - a meat ration
 B - 2 royal jellies
 D - 2 chunks of flesh


   Skills:
 + Level 6.7 Fighting
 + Level 1.4 Short Blades
 + Level 1.4 Long Blades
 + Level 1.4 Axes
 + Level 1.4 Maces & Flails
 + Level 1.4 Polearms
 + Level 1.4 Staves
 + Level 1.4 Slings
 + Level 3.0 Bows
 + Level 3.0 Crossbows
 + Level 1.4 Throwing
 + Level 6.7 Armour
 + Level 1.4 Dodging
 + Level 4.4 Stealth
 + Level 1.4 Shields
 + Level 1.4 Unarmed Combat
 + Level 1.4 Spellcasting
 + Level 1.1 Conjurations
 + Level 1.1 Hexes
 + Level 1.1 Charms
 + Level 1.1 Summonings
 + Level 1.1 Necromancy
 + Level 1.1 Translocations
 + Level 1.1 Transmutations
 + Level 1.1 Fire Magic
 + Level 1.1 Ice Magic
 + Level 1.1 Air Magic
 + Level 1.1 Earth Magic
 + Level 1.1 Poison Magic
 + Level 1.6 Invocations
 + Level 1.4 Evocations


You had 6 spell levels left.
You didn't know any spells.

Dungeon Overview and Level Annotations

Branches:
Dungeon (3/15)

Altars:
Cheibriados
Sif Muna


Innate Abilities, Weirdness & Mutations

Your experience applies equally to all skills.
You have very sharp teeth.
Your uncanny sense of smell can sniff out nearby items.


Message History

The jackal bites the plant but does no damage.
The adder bites you.
* * * LOW HITPOINT WARNING * * *
Your unstable footing causes you to fumble your attack.
You feel sick.
The jackal bites the plant but does no damage.
The adder bites you.
* * * LOW HITPOINT WARNING * * *
The jackal bites the plant but does no damage.
Your unstable footing causes you to fumble your attack.
The adder misses you.
The jackal bites the plant but does no damage.
Your unstable footing causes you to fumble your attack.
The adder bites you.
* * * LOW HITPOINT WARNING * * *
You are more poisoned.
The adder poisons you!
The jackal bites the plant but does no damage.
The adder bites you.
You die...

#P..≈.#≈#.≈≈.≈.†..≈≈≈P≈P≈≈≈
#.≈.≈≈#≈#..≈≈....≈..≈..#######
##≈)≈≈#≈#≈≈≈.#≈#...≈≈.≈≈≈≈≈≈≈≈≈
#.≈≈..≈≈.≈###≈###......≈≈≈≈≈≈≈
##.≈≈...#### #≈# ##.≈≈≈≈≈≈≈≈≈≈≈
#.≈≈...## #≈# ##.≈.≈≈≈≈≈≈≈≈
#..).≈.# #≈# ≈###....≈≈≈≈≈≈
#..P##### #S#h# ##≈..≈≈≈≈≈≈
#(.P≈≈≈≈≈≈ ∆#@P# ∆ #.≈≈≈≈≈≈≈≈
#.≈.####### #≈########.≈≈≈≈≈≈≈
#....≈.≈≈.####≈#≈≈≈≈≈≈≈≈≈≈≈≈≈≈≈
##.≈.∩∩.....##≈########.≈≈≈≈≈≈≈
#≈≈..≈.#≈#PP#!# ≈≈≈≈≈≈≈≈≈
#≈≈≈≈≈≈#≈#.P### ≈≈≈≈≈≈≈≈≈
#≈≈≈≈≈≈#≈#≈≈# ≈≈≈≈≈≈≈≈≈≈
##≈≈≈≈≈#≈#≈≈# ≈≈≈≈≈≈≈≈≈≈
####≈≈#≈#≈≈# ##≈≈≈≈≈≈≈#≈


You could see an adder and a jackal.

Vanquished Creatures
  A howler monkey (D:2)
  5 adders
  A river rat (D:3)
  A worm (D:1)
  4 dart slugs
  5 leopard geckos
  4 orcs (D:3)
  4 ball pythons
  A giant cockroach (D:3)
  6 goblins
  3 hobgoblins
  2 jackals (Sewer)
  5 kobolds
  6 bats
  3 frilled lizards
  6 rats
  A plant (Sewer)
58 creatures vanquished.

Notes
Turn   | Place    | Note
-------+----------+-------------------------------------------
     0 | D:1      | tin111 the Gnoll Wanderer began the quest for the Orb.
     0 | D:1      | tin111 set off with: a +2 hand crossbow, 26 bolts, a potion of curing, a scroll of teleportation, a +0 robe, a +0 dagger, a bread ration
     0 | D:1      | Reached XP level 1. HP: 23/23 MP: 1/1
   110 | D:1      | Reached XP level 2. HP: 29/29 MP: 2/2
   453 | D:1      | Reached XP level 3. HP: 35/35 MP: 3/3
   783 | D:2      | Reached skill level 1 in Short Blades
   783 | D:2      | Reached skill level 1 in Long Blades
   783 | D:2      | Reached skill level 1 in Axes
   783 | D:2      | Reached skill level 1 in Maces & Flails
   783 | D:2      | Reached skill level 1 in Polearms
   783 | D:2      | Reached skill level 1 in Staves
   783 | D:2      | Reached skill level 1 in Slings
   783 | D:2      | Reached skill level 1 in Throwing
   783 | D:2      | Reached skill level 1 in Dodging
   783 | D:2      | Reached skill level 1 in Shields
   783 | D:2      | Reached skill level 1 in Unarmed Combat
   783 | D:2      | Reached skill level 1 in Spellcasting
   783 | D:2      | Reached skill level 1 in Invocations
   783 | D:2      | Reached skill level 1 in Evocations
   783 | D:2      | Reached XP level 4. HP: 17/41 MP: 5/5
   857 | D:2      | Found a snail-covered altar of Cheibriados.
   882 | D:2      | Reached skill level 1 in Conjurations
   882 | D:2      | Reached skill level 1 in Hexes
   882 | D:2      | Reached skill level 1 in Charms
   882 | D:2      | Reached skill level 1 in Summonings
   882 | D:2      | Reached skill level 1 in Necromancy
   882 | D:2      | Reached skill level 1 in Translocations
   882 | D:2      | Reached skill level 1 in Transmutations
   882 | D:2      | Reached skill level 1 in Fire Magic
   882 | D:2      | Reached skill level 1 in Ice Magic
   882 | D:2      | Reached skill level 1 in Air Magic
   882 | D:2      | Reached skill level 1 in Earth Magic
   882 | D:2      | Reached skill level 1 in Poison Magic
  1007 | D:2      | Found a deep blue altar of Sif Muna.
  1337 | D:2      | Reached XP level 5. HP: 47/47 MP: 6/6
  1853 | D:3      | Found a glowing drain.
  1902 | Sewer    | Entered a sewer
  2311 | Sewer    | HP: 2/47 [adder (4)]
  2313 | Sewer    | Slain by an adder

Vault maps used:
D:1:      evilmike_arrival_run_for_it
D:2:      kennysheep_slug_shrine, led_sif_pool
D:3:      portal_sewer_entry_a, chequers_big_river
Sewer:    sewer_co_scattered_pipes

Skill      XL: |  1  2  3  4  5 |
---------------+----------------+-----
Short Blades   | 1 |  1.4
Long Blades    | 1 |  1.4
Axes           | 1 |  1.4
Maces & Flails | 1 |  1.4
Polearms       | 1 |  1.4
Staves         | 1 |  1.4
Slings         | 1 |  1.4
Throwing       | 1 |  1.4
Dodging        | 1 |  1.4
Shields        | 1 |  1.4
Unarmed Combat | 1 |  1.4
Spellcasting   | 1 |  1.4
Invocations    | 1 |  1.6
Evocations     | 1 |  1.4
Conjurations   | 1 |  1.1
Hexes          | 1 |  1.1
Charms         | 1 |  1.1
Summonings     | 1 |  1.1
Necromancy     | 1 |  1.1
Translocations | 1 |  1.1
Transmutations | 1 |  1.1
Fire Magic     | 1 |  1.1
Ice Magic      | 1 |  1.1
Air Magic      | 1 |  1.1
Earth Magic    | 1 |  1.1
Poison Magic   | 1 |  1.1
Bows           | 3 |  3.0
Crossbows      | 3 |  3.0
Fighting       | |  6.7
Armour         | |  6.7
Stealth        | |  4.4

Action                   |  1- 3 |  4- 6 || total
-------------------------+-------+-------++-------
Melee: Dagger            |       |   166 ||   166
       Hand crossbow     |       |    99 ||    99
       Bite              |       |    49 ||    49
       Punch             |       |     1 ||     1
 Fire: Hand crossbow     |    41 |    64 ||   105
  Eat: Chunk             |       |     3 ||     3
       Royal jelly       |       |     1 ||     1
Armor: Robe              |     4 |     3 ||     7
Dodge: Dodged            |     8 |    40 ||    48

Table legend:
 A = Spawn XP
 B = Non-spawn XP
 C = Spawn XP percentage of total XP
 D = Spawn monster count
 E = Non-spawn monster count
 F = Spawn count percentage of total count
 G = Total turns spent on level
                    A         B        C        D         E        F      G
               +---------+---------+-------+---------+---------+-------+---------
         Total |       0 |     239 |   0.0 |       0 |      57 |   0.0 |  2313
               +---------+---------+-------+---------+---------+-------+---------
           D:1 |       0 |      34 |   0.0 |       0 |      14 |   0.0 |   655
           D:2 |       0 |     133 |   0.0 |       0 |      19 |   0.0 |   910
           D:3 |       0 |      49 |   0.0 |       0 |      18 |   0.0 |   337
         Sewer |       0 |      23 |   0.0 |       0 |       6 |   0.0 |   411
               +---------+---------+-------+---------+---------+-------+---------
